 Dungeon Crawl Stone Soup version 0.28.0-1-gb440e238dd (webtiles) character file.

Game seed: 16111817626228045163

20 Destapler the Skirmisher (level 2, 16/24 HPs)
             Began as a Demonspawn Fighter on Feb 25, 2022.
             Was a Follower of Sif Muna.
             Quit the game on level 2 of the Dungeon.
             The game lasted 00:02:18 (805 turns).

Destapler the Skirmisher (Demonspawn Fighter)        Turns: 805, Time: 00:02:19

Health: 16/24      AC:  6    Str: 16    XL:     2   Next: 58%
Magic:  2/2        EV:  9    Int:  9    God:    Sif Muna [*.....]
Gold:   40         SH:  4    Dex: 12    Spells: 1/1 levels left

rFire   . . .      SeeInvis .   a - +0 trident
rCold   . . .      Faith    .   c - +0 buckler
rNeg    . . .      Spirit   .   b - +0 scale mail
rPois   .          Reflect  .   (no helmet)
rElec   .          Harm     .   (no cloak)
rCorr   .          Rampage  .   (no gloves)
Will    .....                   (no boots)
Stlth   ..........              (no amulet)
HPRegen 0.08/turn               (no ring)
MPRegen 0.08/turn               (no ring)

@: hasted, very quick
A: powered by pain 1
a: Renounce Religion, Channel Magic


You were on level 2 of the Dungeon.
You worshipped Sif Muna.
Sif Muna was aware of your devotion.
You visited 1 branch of the dungeon, and saw 2 of its levels.

You collected 40 gold pieces.

Inventory:

Hand Weapons
 a - a +0 trident (weapon)
Armour
 b - a +0 scale mail (worn)
 c - a +0 buckler (worn)
Scrolls
 e - a scroll of amnesia {unknown}
 f - a scroll of immolation {unknown}
Potions
 d - a potion of might
 g - a potion of haste


   Skills:
 + Level 3.2 Fighting
 + Level 2.0 Polearms
 + Level 2.9 Armour
 + Level 0.6 Dodging
 + Level 2.9 Shields


You had one spell level left.
You didn't know any spells.
Your spell library was empty.

Dungeon Overview and Level Annotations

Branches:
Dungeon (2/15)

Altars:
Sif Muna


Innate Abilities, Weirdness & Mutations

You sometimes gain a little power by taking damage.


Message History

The adder bites you. x2
* * * LOW HITPOINT WARNING * * *
You closely miss the adder.
The adder bites you but does no damage. x2
You barely miss the adder. The adder barely misses you.
You barely miss the adder. The adder barely misses you. The adder bites you.
* * * LOW HITPOINT WARNING * * *
It was a potion of haste.
You feel yourself speed up. The adder bites you but does no damage.
It was a potion of curing.
You feel better. The adder bites you but does no damage.
You closely miss the adder. The adder bites you but does no damage.
You barely miss the adder. You block the adder's attack.
The adder bites you but does no damage.
You barely miss the adder. The adder barely misses you.
You closely miss the adder. The adder misses you.
You miss the adder. The adder completely misses you.
You hit the adder.
The adder is moderately wounded.
You block the adder's attack.
You miss the adder.
The adder is moderately wounded.
The adder bites you but does no damage.
You hit the adder.
The adder is almost dead.
The adder bites you but does no damage.
You barely miss the adder.
The adder is almost dead.
The adder bites you but does no damage.
You barely miss the adder.
The adder is almost dead.
The adder barely misses you.
You puncture the adder!
You kill the adder!
No target in view!
You cannot tell which god this altar belongs to.
Convert to them anyway?
Sif Muna accepts your prayer! Sif Muna welcomes you!
You can now call upon Sif Muna for magical energy.
Okay, then.
Are you sure you want to abandon this character and quit the game? (Confirm with "yes".)

#########.....#######
....................#
#########...........#
########...........#
...................#
########...........#
#...♣....####
#..♣.♣...# #.♣.@.♣..#
#..♣.♣...# #...♣...##
#... ...# ##.. ####
..# ###


There were no monsters in sight!

Vanquished Creatures
  An adder (D:2)
  A ball python (D:1)
  A bat (D:1)
  A giant cockroach (D:2)
  A goblin (D:1)
  2 hobgoblins (D:1)
  A kobold (D:1)
  A frilled lizard (D:1)
  A rat (D:1)
10 creatures vanquished.

Notes
Turn   | Place    | Note
-------+----------+-------------------------------------------
     0 | D:1      | Destapler the Demonspawn Fighter began the quest for the
                  | Orb.
     0 | D:1      | Reached XP level 1. HP: 18/18 MP: 1/1
   369 | D:1      | Gained mutation: You sometimes gain a little power by
                  | taking damage. [demonic ancestry]
   369 | D:1      | Reached XP level 2. HP: 24/24 MP: 2/2
   765 | D:2      | Found a faded altar of an unknown god.
   804 | D:2      | Prayed at the altar of an unknown god.
   804 | D:2      | Became a worshipper of Sif Muna the Loreminder
   804 | D:2      | Reached * piety under Sif Muna
   805 | D:2      | Quit the game

Illustrated notes

Levels and vault maps discovered:
D:1:      nzn_arrival_crosshair, layout_loops_ring
D:2:      layout_rooms, chequers_ecumenical_altar_simple_redux,
          hangedman_feature_mirror, minmay_tiny_reverse_x

Skill      XL: |  1  2 |
---------------+-------+-----
Polearms       | 2 |  2.0
Fighting       | |  3.2
Armour         | |  2.9
Dodging        | |  0.6
Shields        | |  2.9

Action                   || total
-------------------------++-------
Melee: Trident           ||    48
  Use: Potion            ||     2
Armor: Scale mail        ||    17
Dodge: Dodged            ||    17
Block: Buckler           ||    10
